 Dungeon Crawl Stone Soup version 0.29-a0-231-g945431f764 (webtiles) character file.

Game seed: 15680538469732978033

1115 siradein the Skirmisher (level 8, -2/69 HPs)
             Began as a Ghoul Gladiator on Feb 28, 2022.
             Slain by a water moccasin (4 damage)
             ... on level 5 of the Dungeon.
             The game lasted 00:10:24 (6075 turns).

siradein the Skirmisher (Ghoul Gladiator)           Turns: 6075, Time: 00:10:25

Health: -2/69      AC:  6    Str: 18      XL:     8   Next: 34%
Magic:  7/7        EV: 12    Int:  3      God:
Gold:   277        SH:  5    Dex: 11 (12) Spells: 7/7 levels left

rFire   . . .      SeeInvis .   a - +0 war axe
rCold   + + .      Faith    .   (no shield)
rNeg    + + +      Spirit   .   v - +0 ring mail
rPois   ∞          Reflect  +   c - +0 helmet
rElec   .          Harm     .   (no cloak)
rCorr   .          Rampage  .   (no gloves)
Will    .....                   (no boots)
Stlth   +.........              x - amulet of reflection
HPRegen 0.00/turn               k - ring of protection from cold
MPRegen 0.10/turn               (no ring)

@: inhibited regen
A: claws 1, cold resistance 1, negative energy resistance 3, inhibited
regeneration, torment resistance 2
a: no special abilities


You were on level 5 of the Dungeon.
You visited 1 branch of the dungeon, and saw 5 of its levels.

You collected 277 gold pieces.

Inventory:

Hand Weapons
 a - a +0 war axe (weapon)
Missiles
 d - 3 throwing nets (quivered)
 n - 6 poisoned darts
Armour
 c - a +0 helmet (worn)
 v - a +0 ring mail (worn)
Jewellery
 k - a ring of protection from cold (left claw)
 x - an amulet of reflection (around neck)
Scrolls
 b - a scroll of teleportation {unknown}
 e - 3 scrolls of fear {unknown}
 f - 2 scrolls of blinking {unknown}
 h - 2 scrolls of identify {unknown}
 i - a scroll of torment {unknown}
 q - a scroll of magic mapping {unknown}
 s - 2 scrolls of enchant armour {unknown}
 u - a scroll of immolation {unknown}
Potions
 g - 2 potions of haste
 j - a potion of heal wounds {unknown}
 l - a potion of might {unknown}
 m - a potion of invisibility {unknown}
 o - a potion of ambrosia {unknown}
 p - 3 potions of curing {unknown}
 r - a potion of flight {unknown}
 t - a potion of lignification {unknown}
 w - a potion of berserk rage {unknown}


   Skills:
 + Level 5.6 Fighting
 + Level 5.1 Axes
 + Level 4.6 Throwing
 + Level 5.1 Dodging


You had 7 spell levels left.
You didn't know any spells.
Your spell library contained the following spells:

 Spells                   Type           Power      Damage    Failure   Level
 Freeze                   Ice            0%         1d3       73%         1
 Shock                    Conj/Air       0%         1d3       73%         1
 Frozen Ramparts          Ice            0%         1d2       97%         3
 Stone Arrow              Conj/Erth      0%         3d7       97%         3
 Swiftness                Air            0%         N/A       97%         3
 Airstrike                Air            0%         N/A       100%        4
 Animate Armour           Summ/Erth      0%         N/A       100%        4
 Hailstorm                Conj/Ice       0%         3d3       100%        4
 Lehudib's Crystal Spear  Conj/Erth      0%         10d2      100%        8


Dungeon Overview and Level Annotations

Branches:
Dungeon (5/15)
 Temple: D:4-7

Altars:

Annotations:
D:2 1 runed translucent door, Crazy Yiuf
D:4 1 runed translucent door, Cecur's ghost, amateur FoFi
D:5 Eustachio


Innate Abilities, Weirdness & Mutations

You thrive by killing the living.
You are immune to poison.
You have sharp fingernails.
Your flesh is cold resistant. (rC+)
You are immune to negative energy. (rN+++)
You do not regenerate when monsters are visible.
You are immune to unholy pain and torment.


Message History

The ufetubus disappears in a puff of smoke!
You closely miss the water moccasin. The water moccasin bites you.
* * * LOW HITPOINT WARNING * * *
Eustachio barely misses you. The quasit barely misses you.
You block the quasit's attack.
The quasit claws you but does no damage.
You hit Eustachio.
Eustachio is severely wounded.
You slash the quasit! You miss the water moccasin.
The water moccasin barely misses you.
The quasit bites you but does no damage.
The quasit closely misses you. The quasit claws you.
* * * LOW HITPOINT WARNING * * *
Eustachio gestures wildly while chanting.
Eustachio blinks!
The water moccasin bites you.
* * * LOW HITPOINT WARNING * * *
Unknown command.
The water moccasin bites you but does no damage.
The quasit bites you but does no damage.
The quasit barely misses you. The quasit misses you.
You block the water moccasin's attack. The quasit closely misses you.
The quasit claws you but does no damage.
The quasit barely misses you.
The crimson imp blinks!
You block the quasit's attack.
The quasit claws you but does no damage.
The quasit closely misses you. You block the water moccasin's attack.
The quasit bites you but does no damage.
The quasit claws you.
* * * LOW HITPOINT WARNING * * *
You feel clumsy. The quasit barely misses you.
You hear the brisk rusting of a very distant drain.
The water moccasin bites you.
* * * LOW HITPOINT WARNING * * *
You block the water moccasin's attack.
The quasit disappears in a puff of smoke!
The water moccasin bites you.
You die...

#.........@..........#
##.##.#.>.##..).......
#....#.#§.##.........
..........#.........
.#.....................#
##...............###..#
..###..5.##.....##.##...#
.........###.....##.##...####
>..##........S@...#.......#.##
#..#.......§................## ..
#.........##.......#......<..#
..............#.......#........##
.........##.........###..........
##....##.#.........####..........
#.....#...........#.#....###..##
##.##.......##.....#...........##
##..#.......##........#.#.#..##.#


You could see a water moccasin.

Vanquished Creatures
  Sigmund (D:3)
  2 ogres (D:5)
  2 necrophages
  2 scorpions
  4 wights
  A hound (D:5)
  2 jellies (D:5)
  Ijyb (D:3)
  An orc wizard (D:4)
  6 gnolls
  6 adders
  A worm (D:2)
  5 dart slugs
  12 orcs
  2 endoplasms (D:3)
  2 giant cockroaches (D:3)
  5 goblins
  2 hobgoblins
  6 jackals
  2 quokkas
  6 ball pythons
  7 bats
  A frilled lizard (D:2)
  9 kobolds
  3 rats
91 creatures vanquished.

Notes
Turn   | Place    | Note
-------+----------+-------------------------------------------
     0 | D:1      | siradein the Ghoul Gladiator began the quest for the Orb.
     0 | D:1      | Reached XP level 1. HP: 17/17 MP: 0/0
   439 | D:1      | Reached XP level 2. HP: 24/25 MP: 1/1
  1183 | D:2      | Reached XP level 3. HP: 30/30 MP: 2/2
  1284 | D:2      | Reached XP level 4. HP: 26/37 MP: 3/3
  2119 | D:2      | Found a runed translucent door.
  2120 | D:2      | Noticed Crazy Yiuf
  2460 | D:3      | Noticed Sigmund
  2493 | D:3      | Killed Sigmund
  2494 | D:3      | Reached XP level 5. HP: 13/46 MP: 4/4
  2494 | D:3      | Reached XP level 6. HP: 15/52 MP: 5/5
  3461 | D:3      | Reached XP level 7. HP: 5/60 MP: 6/6
  4186 | D:4      | Noticed Ijyb
  4213 | D:3      | Killed Ijyb
  4725 | D:4      | Reached skill level 5 in Fighting
  5339 | D:4      | Found a runed translucent door.
  5378 | D:4      | Noticed Cecur's ghost (amateur FoFi)
  5626 | D:5      | Entered Level 5 of the Dungeon
  5720 | D:5      | Reached XP level 8. HP: 62/68 MP: 7/7
  5830 | D:5      | Reached skill level 5 in Axes
  5830 | D:5      | Reached skill level 5 in Dodging
  6037 | D:5      | Noticed Eustachio
  6070 | D:5      | HP: 2/69 [water moccasin (6)]
  6075 | D:5      | Slain by a water moccasin

Illustrated notes

Levels and vault maps discovered:
D:1:      minmay_arrival_diagonal_passages, layout_loops_ring
D:2:      layout_basic, uniq_crazy_yiuf_cottage
D:3:      layout_basic, uniq_sigmund
D:4:      layout_basic, ebering_ghost_sewer_d, hangedman_decor_slide_cut,
          uniq_ijyb
D:5:      layout_cave_pools, mainiacjoe_overflow_six_doors_small,
          portal_sewer_entry_b, uniq_eustachio

Skill      XL: |  1  2  3  4  5  6  7  8 |
---------------+-------------------------+-----
Throwing       | 2 3 4 |  4.6
Axes           | 3 4 5 |  5.1
Dodging        | 3 4 5 |  5.1
Fighting       | 3 4 5 |  5.6

Action                   |  1- 3 |  4- 6 |  7- 9 || total
-------------------------+-------+-------+-------++-------
Melee: War axe           |    99 |   103 |   162 ||   364
       Punch             |       |     2 |     3 ||     5
Throw: Throwing net      |       |       |     1 ||     1
Armor: Leather armour    |    54 |    21 |     4 ||    79
       Ring mail         |       |       |    50 ||    50
Dodge: Dodged            |   109 |    78 |    99 ||   286
Block: Other             |       |       |    16 ||    16

Table legend: (Time is in decaauts)
 A = Elapsed time spent in this place.
 B = Non-inter-level travel time spent in this place.
 C = Inter-level travel time spent in this place.
 D = Time resting spent in this place.
 E = Time spent auto-exploring this place.
 F = Levels seen in this place.
 G = Mean time per level.
                   A        B        C        D        E       F      G
               +--------+--------+--------+--------+--------+-----+--------+
         Total |   6188 |   6095 |     93 |   1282 |   3556 |   5 | 1237.6 |
       Dungeon |   6188 |   6095 |     93 |   1282 |   3556 |   5 | 1237.6 |
               +--------+--------+--------+--------+--------+-----+--------+

Top non-repeatable levels by time:
     D:3: 1744 daAuts
     D:2: 1406 daAuts
     D:4: 1373 daAuts
     D:1: 1201 daAuts
     D:5: 462 daAuts
